 Dungeon Crawl Stone Soup version 0.31.0-11-ge490571c62 (webtiles) character file.

Game seed: 14156328000364332145

112 qw the Shooter (level 4, -1/23 HPs)
             Began as a Spriggan Hunter on Feb 3, 2024.
             Slain by a gnoll
             ... wielding a +0 whip of flaming
              (2 damage)
             ... on level 3 of the Dungeon.
             The game lasted 00:00:06 (1706 turns).

qw the Shooter (Spriggan Hunter)                    Turns: 1706, Time: 00:00:06

Health: -1/23      AC:  2    Str:  7    XL:     4   Next: 63%
Magic:  5/5        EV: 20    Int: 10    God:
Gold:   199        SH:  0    Dex: 20    Spells: 3/3 levels left

rFire   . . .        a - +0 shortbow
rCold   . . .        (shield currently unavailable)
rNeg    . . .        c - +0 robe
rPois   .            (helmet restricted)
rElec   .            (no cloak)
rCorr   .            (gloves unavailable)
SInv    +            (boots unavailable)
Will    .....        (no amulet)
Stlth   ++           (no ring)
HPRegen 0.23/turn    (no ring)
MPRegen 0.09/turn

%: no passive effects
@: very quick
A: very small, no large weapons, unfitting armour, see invisible, speed 3
a: no special abilities


You were on level 3 of the Dungeon.
You visited 1 branch of the dungeon, and saw 3 of its levels.

You collected 199 gold pieces.


Innate Abilities, Weirdness & Mutations

You are very small and have problems with some larger weapons.
You are too small for most types of armour.
You have supernaturally acute eyesight. (SInv)
You cover ground extremely quickly. (Speed+++)


   Skills:
 + Level 1.9 Fighting
 - Level 5.0 Ranged Weapons
 - Level 5.0 Dodging
 - Level 1.5 Stealth


You had 3 spell levels left.
You didn't know any spells.
Your spell library was empty.

Inventory:

Hand Weapons
 a - a +0 shortbow (weapon)
Armour
 c - a +0 robe (worn)
Scrolls
 b - 2 scrolls of teleportation
 g - a scroll of identify
Potions
 d - a potion of mutation
 e - a potion of ambrosia {unknown}
 f - a potion of curing {unknown}
 h - a potion of attraction {unknown}

Dungeon Overview and Level Annotations

Branches:
Dungeon (3/15)

Altars:


Message History

There is a stone staircase leading down here.
You see here a +0 spear.
Found 4 javelins.
A kobold comes into view. It is wielding a +0 dagger.
You shoot an arrow. The arrow hits the kobold.
The kobold is heavily wounded.
The kobold completely misses you.
You shoot an arrow. The arrow barely misses the kobold.
The kobold completely misses you.
You shoot an arrow. The arrow hits the kobold!
You kill the kobold!
Things that are here:
a +0 dagger; a kobold corpse 4 gnolls come into view.
A gnoll is wielding a +0 whip of flaming.
Found 12 gold pieces.
You shoot an arrow. The arrow hits the gnoll.
The gnoll is heavily wounded.
You shoot an arrow. The arrow closely misses the gnoll.
You shoot an arrow. The arrow hits the gnoll.
The gnoll is almost dead.
The gnoll barely misses you.
You shoot an arrow.
The arrow hits the gnoll but does no damage.
The gnoll is almost dead.
The gnoll shouts!
The gnoll closely misses you.
You shoot an arrow.
The arrow hits the gnoll but does no damage.
The gnoll is almost dead.
The gnoll hits you with a +0 club.
The gnoll hits you with a +0 whip of flaming.
The gnoll burns you.
You shoot an arrow.
The arrow hits the gnoll but does no damage.
The gnoll is almost dead.
The gnoll hits you with a +0 club!
The gnoll hits you with a +0 whip of flaming.
The gnoll burns you.
You die...

#.#.#..# #. ##...#
#.#....# #. #.....#
##.##...# #.
.......######.......####
...........(...##.#.....
........................
...g....####...##.##)###
..$..ggg##.......#.#.# #
#@##.###)##.##.# #
#.##.###.#####.# #
#........# #.# #
####.##### #.### #.#
#.... #.# ##### #.# #
..# # ### #


You could see 4 gnolls.

Vanquished Creatures
  A hound (D:3)
  2 adders (D:3)
  3 ribbon worms
  9 endoplasms
  2 giant cockroaches
  6 goblins
  4 hobgoblins
  6 kobolds
  5 quokkas
  6 ball pythons
  5 bats
  4 frilled lizards
  2 rats
55 creatures vanquished.

Notes
Turn   | Place    | Note
-------+----------+-------------------------------------------
     0 | D:1      | qw the Spriggan Hunter began the quest for the Orb.
     0 | D:1      | Reached XP level 1. HP: 10/10 MP: 2/2
     0 | D:1      | 0 ||| qw: Version: 0.3-a-157-g843a77d
     0 | D:1      | 0 ||| qw: Game counter: 3978
     0 | D:1      | 0 ||| qw: Melee chars always use a shield: true
     0 | D:1      | 0 ||| qw: God list: Okawaru
     0 | D:1      | 0 ||| qw: Allow faded altars: false
     0 | D:1      | 0 ||| qw: Do Orc after clearing Dungeon:15 true
     0 | D:1      | 0 ||| qw: Do second Lair branch before Depths: true
     0 | D:1      | 0 ||| qw: Lair rune preference: random
     0 | D:1      | 0 ||| qw: Goals: Normal
     0 | D:1      | 0 ||| PLANNING D:1-11
    56 | D:1      | Reached skill level 3 in Dodging
   168 | D:1      | Reached XP level 2. HP: 14/14 MP: 3/3
   500 | D:1      | 500 ||| READING scroll labelled ZOHOEH BUCRU.
   500 | D:1      | 500 ||| IDENTIFYING lumpy silvery potion
   501 | D:1      | 501 ||| DROPPING scroll of butterflies.
   502 | D:1      | 502 ||| DROPPING potion of lignification.
   597 | D:2      | Reached XP level 3. HP: 18/18 MP: 4/4
  1097 | D:2      | 1097 ||| READING scroll of identify.
  1097 | D:2      | 1097 ||| IDENTIFYING metallic clear potion
  1098 | D:2      | 1098 ||| READING 3 scrolls labelled UTREIR NEPLAW.
  1103 | D:2      | 1103 ||| READING scroll labelled ROROLE KAQINNEO.
  1383 | D:3      | Reached XP level 4. HP: 22/22 MP: 5/5
  1706 | D:3      | HP: 4/23 [gnoll/+0 club (7)]
  1706 | D:3      | HP: 1/23 [gnoll/+0 whip of flaming (3)]
  1706 | D:3      | Slain by a gnoll

Levels and vault maps discovered:
D:1:      sevenhm_arrival_forest_fort_small_5, layout_basic, serial_curves,
          eino_curves_02, eino_curves_03
D:2:      layout_basic, minmay_small_reverse_x
D:3:      layout_loops_corners, minmay_goblin_kobold_house

Skill      XL: |  1  2  3  4 |
---------------+-------------+-----
Dodging        | 3 4 5 |  5.0
Ranged Weapons | 5 |  5.0
Fighting       | |  1.9
Stealth        | |  1.5

Action                     |  1- 3 |  4- 6 || total
---------------------------+-------+-------++-------
   Fire: Shortbow          |   126 |    29 ||   155
    Use: Scroll            |     4 |       ||     4
 Armour: Robe              |     4 |     7 ||    11
  Dodge: Dodged            |    24 |     8 ||    32

Table legend:
 A = Non-vault XP
 B = Vault XP
 C = Vault XP percentage of total XP
 D = Non-vault monster count
 E = Vault monster count
 F = Vault count percentage of total count
                 A         B        C        D         E       F
            +---------+---------+-------+---------+---------+-------
      Total |     153 |       7 |   4.4 |      51 |       4 |   7.3
            +---------+---------+-------+---------+---------+-------
        D:1 |      27 |       0 |   0.0 |      18 |       0 |   0.0
        D:2 |      36 |       7 |  16.3 |      18 |       4 |  18.2
        D:3 |      90 |       0 |   0.0 |      15 |       0 |   0.0
            +---------+---------+-------+---------+---------+-------
